 Dungeon Crawl Stone Soup version 0.31.0-11-ge490571c62 (webtiles) character file.

Game seed: 4956458620797401093

25 qw the Shooter (level 2, 0/16 HPs)
             Began as a Deep Elf Hunter on Feb 3, 2024.
             Slain by a hobgoblin (2 damage)
             ... on level 1 of the Dungeon.
             The game lasted 00:00:01 (225 turns).

qw the Shooter (Deep Elf Hunter)                     Turns: 225, Time: 00:00:01

Health: 0/16       AC:  3    Str:  8    XL:     2   Next: 82%
Magic:  4/4        EV: 12    Int: 13    God:
Gold:   25         SH:  0    Dex: 18    Spells: 1/1 levels left

rFire   . . .        a - +0 shortbow
rCold   . . .        (shield currently unavailable)
rNeg    . . .        c - +0 leather armour
rPois   .            (no helmet)
rElec   .            (no cloak)
rCorr   .            (no gloves)
SInv    .            (no boots)
Will    .....        (no amulet)
Stlth   ++           (no ring)
HPRegen 0.22/turn    (no ring)
MPRegen 0.09/turn

%: no passive effects
@: no status effects
A: no striking features
a: no special abilities


You were on level 1 of the Dungeon.
You visited 1 branch of the dungeon, and saw 1 of its levels.

You collected 25 gold pieces.


   Skills:
 - Level 1.5 Fighting
 + Level 6.5 Ranged Weapons
 - Level 2.4 Dodging
 - Level 1.2 Stealth


You had one spell level left.
You didn't know any spells.
Your spell library was empty.

Inventory:

Hand Weapons
 a - a +0 shortbow (weapon)
Armour
 c - a +0 leather armour (worn)
Scrolls
 b - a scroll of butterflies
 d - 2 scrolls of fog {unknown}
 e - a scroll of identify {unknown}

Dungeon Overview and Level Annotations

Branches:
Dungeon (1/15)

Altars:


Message History

You shoot an arrow.
The arrow hits the hobgoblin but does no damage.
The hobgoblin is lightly wounded.
The hobgoblin barely misses you.
You shoot an arrow. The arrow hits the hobgoblin.
You kill the hobgoblin!
The jackal bites you but does no damage.
You shoot an arrow. The arrow barely misses the jackal.
The jackal bites you.
You shoot an arrow. The arrow barely misses the jackal.
The jackal bites you.
The jackal bites you but does no damage.
You shoot an arrow. The arrow barely misses the jackal.
The jackal bites you but does no damage.
You shoot an arrow. The arrow barely misses the jackal.
The jackal misses you. The jackal completely misses you.
You shoot an arrow. The arrow barely misses the jackal.
The jackal closely misses you.
The hobgoblin hits you but does no damage.
The jackal barely misses you.
You shoot an arrow. The arrow barely misses the jackal.
The jackal closely misses you.
The hobgoblin hits you but does no damage.
You shoot an arrow. The arrow hits the jackal.
You kill the jackal!
The hobgoblin hits you. The jackal misses you. The hobgoblin barely misses you.
You shoot an arrow. The arrow hits the jackal!
You kill the jackal!
The hobgoblin barely misses you.
You shoot an arrow. The arrow closely misses the hobgoblin.
The hobgoblin barely misses you. The hobgoblin misses you.
You shoot an arrow.
The arrow hits the hobgoblin but does no damage.
The hobgoblin hits you. x2
You shoot an arrow. The arrow closely misses the hobgoblin.
The hobgoblin hits you. x2
You shoot an arrow. The arrow hits the hobgoblin.
You kill the hobgoblin!
The hobgoblin hits you.
You die...

#.##..#.##..#
##.#..##.#.#
..##....# #
#..##.#..#
..#.##..#.##..#
....##....# # .
##[.#.##..#
#).## #g.##.#.#
#hgg.##@...# #
#%%##.#..# #..#
## # .$.## ####


You could see a hobgoblin.

Vanquished Creatures
  A dart slug (D:1)
  2 bats (D:1)
  An endoplasm (D:1)
  A giant cockroach (D:1)
  5 hobgoblins (D:1)
  4 jackals (D:1)
  A kobold (D:1)
  2 ball pythons (D:1)
  3 goblins (D:1)
20 creatures vanquished.

Notes
Turn   | Place    | Note
-------+----------+-------------------------------------------
     0 | D:1      | qw the Deep Elf Hunter began the quest for the Orb.
     0 | D:1      | Reached XP level 1. HP: 12/12 MP: 3/3
     0 | D:1      | 0 ||| qw: Version: 0.3-a-157-g843a77d
     0 | D:1      | 0 ||| qw: Game counter: 3887
     0 | D:1      | 0 ||| qw: Melee chars always use a shield: true
     0 | D:1      | 0 ||| qw: God list: Okawaru
     0 | D:1      | 0 ||| qw: Allow faded altars: false
     0 | D:1      | 0 ||| qw: Do Orc after clearing Dungeon:15 true
     0 | D:1      | 0 ||| qw: Do second Lair branch before Depths: true
     0 | D:1      | 0 ||| qw: Lair rune preference: random
     0 | D:1      | 0 ||| qw: Goals: Normal
     0 | D:1      | 0 ||| PLANNING D:1-11
    48 | D:1      | Reached skill level 6 in Ranged Weapons
    48 | D:1      | Reached XP level 2. HP: 16/16 MP: 4/4
   207 | D:1      | 207 ||| RETREEEEATING.
   223 | D:1      | HP: 4/16 [hobgoblin (3)]
   225 | D:1      | Slain by a hobgoblin

Levels and vault maps discovered:
D:1:      lemuel_arrival_cross, layout_loops_ring, nicolae_eternal_life

Skill      XL: |  1 |
---------------+----+-----
Ranged Weapons | 6 |  6.5
Fighting       | |  1.5
Dodging        | |  2.4
Stealth        | |  1.2

Action                     || total
---------------------------++-------
   Fire: Shortbow          ||    57
 Armour: Leather armour    ||    22
  Dodge: Dodged            ||    23

Table legend:
 A = Non-vault XP
 B = Vault XP
 C = Vault XP percentage of total XP
 D = Non-vault monster count
 E = Vault monster count
 F = Vault count percentage of total count
                 A         B        C        D         E       F
            +---------+---------+-------+---------+---------+-------
      Total |      38 |       0 |   0.0 |      20 |       0 |   0.0
            +---------+---------+-------+---------+---------+-------
        D:1 |      38 |       0 |   0.0 |      20 |       0 |   0.0
            +---------+---------+-------+---------+---------+-------
